 Dungeon Crawl Stone Soup version 0.30-a0-694-g3340775977 (webtiles) character file.

Game seed: 15495256296989452521

90 Fenrisus the Shooter (level 4, -3/35 HPs)
             Began as a Formicid Hunter on Jan 20, 2023.
             Slain by a gnoll
             ... wielding a +0 halberd
              (7 damage)
             ... on level 2 of the Dungeon.
             The game lasted 00:04:33 (1101 turns).

Fenrisus the Shooter (Formicid Hunter)              Turns: 1101, Time: 00:04:33

Health: -3/35      AC:  3    Str: 16    XL:     4   Next: 85%
Magic:  4/4        EV: 12    Int:  8    God:
Gold:   26         SH:  0    Dex: 19    Spells: 3/3 levels left

rFire   . . .      SeeInvis +    a - +0 shortbow
rCold   . . .      Faith    .    (no shield)
rNeg    . . .      Spirit   .    c - +0 leather armour
rPois   .          Reflect  .    (helmet unavailable)
rElec   .          Harm     .    (no cloak)
rCorr   .          Rampage  .    (no gloves)
Will    .....                    (no boots)
Stlth   ++                       (no amulet)
HPRegen 0.25/turn                (no ring)
MPRegen 0.09/turn                (no ring)

@: no status effects
A: permanent stasis, dig shafts and tunnels, antennae 3, four strong arms
a: Dig, Shaft Self


You were on level 2 of the Dungeon.
You visited 1 branch of the dungeon, and saw 2 of its levels.

You collected 26 gold pieces.

Inventory:

Hand Weapons
 a - a +0 shortbow (weapon)
Armour
 c - a +0 leather armour (worn)
Scrolls
 b - a scroll of immolation
 e - 2 scrolls of identify {unknown}
 f - a scroll of fog {unknown}
 g - a scroll of enchant weapon {unknown}
Potions
 d - a potion of berserk rage {unknown}
 h - a potion of curing {unknown}


   Skills:
 + Level 3.1 Fighting
 + Level 4.5 Ranged Weapons
 + Level 2.6 Dodging
 + Level 2.9 Stealth


You had 3 spell levels left.
You didn't know any spells.
Your spell library contained the following spells:

 Spells                   Type           Power      Damage    Failure   Level
 Magic Dart               Conj           0%         1d3       47%         1
 Call Imp                 Summ           0%         N/A       63%         2
 Mephitic Cloud           Conj/Pois/Air  0%         N/A       85%         3


Dungeon Overview and Level Annotations

Branches:
Dungeon (2/15)

Altars:


Innate Abilities, Weirdness & Mutations

You cannot be hasted, slowed, berserked, paralysed or teleported.
You can dig through walls and to a lower floor.
You have a pair of large antennae on your head. (SInv)
Your four strong arms can wield two-handed weapons with a shield.


Message History

A gnoll comes into view. It is wielding a +0 halberd.
You shoot an arrow. The gnoll shouts!
The arrow hits the adder.
You kill the adder!
Your Fighting skill increases to level 3!
You shoot an arrow. The arrow hits the gnoll.
The gnoll is heavily wounded.
You shoot an arrow. The arrow hits the gnoll!
You kill the gnoll!
You shoot an arrow. The arrow closely misses the gnoll.
You shoot an arrow.
The arrow completely misses the gnoll. x2
The gnoll misses you.
You shoot an arrow. The arrow closely misses the gnoll.
The arrow hits the gnoll!
You kill the gnoll!
The gnoll barely misses you.
You shoot an arrow. The arrow hits the gnoll.
The gnoll is lightly wounded.
The gnoll hits you from afar with a +0 halberd!
The gnoll barely misses you.
You shoot an arrow. The arrow completely misses the gnoll.
The arrow hits the gnoll.
The gnoll is lightly wounded.
The gnoll misses you.
You shoot an arrow. The arrow hits the gnoll.
The gnoll is moderately wounded.
The gnoll closely misses you. The gnoll barely misses you.
You shoot an arrow.
The arrow hits the gnoll but does no damage.
The gnoll is moderately wounded.
The gnoll hits you from afar with a +0 halberd.
The gnoll hits you but does no damage.
You shoot an arrow. The arrow barely misses the gnoll.
The gnoll hits you from afar with a +0 spear!
The gnoll barely misses you.
The gnoll hits you from afar with a +0 spear!
* * * LOW HITPOINT WARNING * * *
The gnoll hits you from afar with a +0 halberd!
You die...

...♣.♣.♣.♣.#.....#
.........#...###....
##.♣#♣#♣#♣...## .♣P
##.#### #....# .♣
.....##..#.## .##
##(.....##..# ..#
####..###..###.#
..###.# ...
####...##.##.......
...
..#.#(....@.g.....
#.#.###.##.#g)....
#.#.# #..#.# †....
#...# ##...# ....
#...# ..## ... #...#
#.# .. #...# ### .
#...# #...#


You could see 2 gnolls.

Vanquished Creatures
  2 gnolls (D:2)
  3 adders (D:2)
  2 dart slugs (D:1)
  3 bats
  4 endoplasms
  5 goblins
  5 hobgoblins
  5 kobolds
  3 quokkas
  5 ball pythons (D:2)
  2 frilled lizards (D:1)
  A rat (D:2)
40 creatures vanquished.

Notes
Turn   | Place    | Note
-------+----------+-------------------------------------------
     0 | D:1      | Fenrisus the Formicid Hunter began the quest for the Orb.
     0 | D:1      | Reached XP level 1. HP: 16/16 MP: 1/1
   154 | D:1      | Reached XP level 2. HP: 14/23 MP: 2/2
   494 | D:1      | Reached XP level 3. HP: 28/28 MP: 3/3
   951 | D:2      | Reached XP level 4. HP: 34/34 MP: 4/4
  1101 | D:2      | Slain by a gnoll

Illustrated notes

Levels and vault maps discovered:
D:1:      dpeg_arrival_court, layout_loops_ring
D:2:      layout_rooms, serial_forest, infiniplex_forest_end_1,
          infiniplex_forest_lined_room_2, infiniplex_forest_join,
          infiniplex_forest_corner_1, chequers_avenue, chequers_arboretum,
          dreamdust_mushroom_princess

Skill      XL: |  1  2  3  4 |
---------------+-------------+-----
Dodging        | 2 |  2.6
Stealth        | 2 |  2.9
Fighting       | 3 |  3.1
Ranged Weapons | |  4.5

Action                   |  1- 3 |  4- 6 || total
-------------------------+-------+-------++-------
 Fire: Shortbow          |    87 |    28 ||   115
Armor: Leather armour    |    12 |     1 ||    13
Dodge: Dodged            |    30 |     9 ||    39

Table legend: (Time is in decaauts)
 A = Elapsed time spent in this place.
 B = Non-inter-level travel time spent in this place.
 C = Inter-level travel time spent in this place.
 D = Time resting spent in this place.
 E = Time spent auto-exploring this place.
 F = Levels seen in this place.
 G = Mean time per level.
                   A        B        C        D        E       F      G
               +--------+--------+--------+--------+--------+-----+--------+
         Total |   1137 |    326 |    811 |    107 |      0 |   2 |  568.5 |
       Dungeon |   1137 |    326 |    811 |    107 |      0 |   2 |  568.5 |
               +--------+--------+--------+--------+--------+-----+--------+

Top non-repeatable levels by time:
     D:1: 744 daAuts
     D:2: 393 daAuts
